 Dungeon Crawl Stone Soup version 0.29.1-2-gbd0b4ee654 (webtiles) character file.

Game seed: 11920321766985994486

214 LustLizard the Insei (level 5, 0/41 HPs)
             Began as a Demigod Transmuter on Dec 1, 2022.
             Slain by an ogre
             ... wielding a +0 giant spiked club
              (8 damage)
             ... on level 6 of the Dungeon.
             The game lasted 00:08:43 (3933 turns).

LustLizard the Insei (Demigod Transmuter)           Turns: 3933, Time: 00:08:44

Health: 0/41       AC:  6    Str: 17    XL:     5   Next: 33%
Magic:  8/11       EV: 11    Int: 19    God:
Gold:   114        SH:  0    Dex: 14    Spells: 6/9 levels left

rFire   . . .      SeeInvis .     - Unarmed
rCold   . . .      Faith    .   (no shield)
rNeg    . . .      Spirit   .   z - +1 ring mail {Will+}
rPois   .          Reflect  .   (helmet currently unavailable)
rElec   .          Harm     .   (no cloak)
rCorr   .          Rampage  .   (no gloves)
Will    ++...                   (boots currently unavailable)
Stlth   +.........              (no amulet)
HPRegen 0.13/turn               x - ring of willpower
MPRegen 0.12/turn               o - +6 ring of strength

@: appendages, wereblooded
A: horns 2, talons 2, high MP 1, forlorn, divine attributes
a: End Transformation


You were on level 6 of the Dungeon.
You had temporarily grown beastly horns and talons.
You visited 1 branch of the dungeon, and saw 6 of its levels.

You collected 201 gold pieces.
You spent 87 gold pieces at shops.

Inventory:

Armour
 a - a +0 robe
 g - a +0 leather armour
 y - a +0 pair of boots (melded)
 z - a +1 ring mail of willpower (worn)
Jewellery
 l - a ring of resist corrosion
 o - a +6 ring of strength (right hand)
 x - a ring of willpower (left hand)
Scrolls
 d - a scroll of brand weapon {unknown}
 h - a scroll of immolation {unknown}
 j - 2 scrolls of blinking {unknown}
 k - a scroll of amnesia {unknown}
 m - a scroll of vulnerability {unknown}
 n - 3 scrolls of magic mapping {unknown}
 q - a scroll of acquirement {unknown}
 t - a scroll of noise {unknown}
 v - 2 scrolls of teleportation
 w - 4 scrolls of identify
 A - 2 scrolls of enchant armour {unknown}
Potions
 b - 4 potions of lignification
 c - a potion of brilliance {unknown}
 e - 3 potions of haste
 f - 2 potions of mutation {unknown}
 i - a potion of invisibility {unknown}
 p - 2 potions of magic {unknown}
 r - a potion of ambrosia {unknown}
 s - a potion of flight {unknown}
 u - 3 potions of curing {unknown}
 B - a potion of berserk rage {unknown}


   Skills:
 + Level 2.0 Fighting
 - Level 1.7 Dodging
 * Level 4.0 Unarmed Combat
 + Level 2.5 Spellcasting
 * Level 3.4 Transmutations


You had 6 spell levels left.
You knew the following spells:

 Your Spells              Type           Power      Damage    Failure   Level
a - Beastly Appendage     Tmut           30%        N/A       8%          1
b - Wereblood             Tmut           15%        N/A       11%         2

Your spell library contained the following spells:

 Spells                   Type           Power      Damage    Failure   Level
 Apportation              Tloc           4%         N/A       30%         1
 Spider Form              Tmut/Pois      8%         N/A       41%         3
 Dazzling Flash           Conj/Hex       4%         N/A       65%         3
 Ice Form                 Ice/Tmut       8%         N/A       82%         4
 Agony                    Necr           2%         N/A       100%        5
 Silence                  Hex/Air        1%         N/A       100%        5


Dungeon Overview and Level Annotations

Branches:
Dungeon (6/15)
 Temple: D:4-7

Shops:
D:1 :(   D:2 *   D:3 *   D:4 **?

Annotations:
D:3 Sigmund


Innate Abilities, Weirdness & Mutations

You have temporarily grown beastly horns and talons.
You have an increased reservoir of magic. (+10% MP)
You shall have no god before yourself.
Your divine heritage dramatically boosts your attributes as you level up.


Message History

You headbutt the ufetubus.
You kill the ufetubus!
Your Unarmed Combat skill increases to level 4!
No target in view!
Magic restored.
Your transformation is almost over.
n - 3 scrolls labelled OVICIR GEIL (gained 1)
Your horns disappear.
Your talons disappear.
Your +0 pair of boots unmelds from your body.
You see here 4 stones.
Found 8 stones.
Found a book of the Senses.
Found a stone staircase leading down.
You see here a book of the Senses.
A - 2 scrolls labelled YLAOXU ATTE (gained 1)
An ogre comes into view. It is wielding a +0 giant spiked club.
As you read the scroll labelled NUGORRIMNI, it crumbles to dust.
It is a scroll of identify.
e - 3 potions of haste
Casting: Beastly Appendage (safe; 8% risk of failure)
Confirm with . or Enter, or press ? or * to list all spells.
You grow a pair of large bovine horns.
Your feet morph into talons.
Your +0 pair of boots melds into your body.
Casting: Beastly Appendage (safe; 8% risk of failure)
Confirm with . or Enter, or press ? or * to list all spells.
Your blood is infused with primal strength.
You hit the ogre but do no damage. You claw the ogre! You headbutt the ogre.
The ogre is moderately wounded.
The ogre hits you with a +0 giant spiked club!!
Ouch! That really hurt!
You hit the ogre. You claw the ogre, but do no damage.
The ogre is heavily wounded.
The ogre hits you with a +0 giant spiked club!
* * * LOW HITPOINT WARNING * * *
You punch the ogre! Your headbutt misses the ogre.
The ogre is severely wounded.
You hit the ogre.
The ogre is almost dead.
The ogre hits you with a +0 giant spiked club!
You die...

#..###.##.#...#
#..###.##.#.#.#
#..#..(.#.#...#
#.......#.###.#
#......#.# #.#
#......#. #.#
#....... #.#
#......# #.#
#....O@#####.#
#...#.........#
# #.#########
#. #


You could see an ogre.

Vanquished Creatures
  A scorpion (D:5)
  A hound (D:5)
  An iguana (D:5)
  4 adders
  An ufetubus (D:6)
  4 orcs (D:4)
  4 ball pythons
  6 bats
  4 endoplasms
  A giant cockroach (D:4)
  12 goblins
  5 hobgoblins
  2 jackals (D:1)
  2 quokkas
  A frilled lizard (D:1)
  3 kobolds
  4 rats
56 creatures vanquished.

Vanquished Creatures (others)
  A wizard (D:3)
1 creature vanquished.

Grand Total: 57 creatures vanquished

Notes
Turn   | Place    | Note
-------+----------+-------------------------------------------
     0 | D:1      | LustLizard the Demigod Transmuter began the quest for the
                  | Orb.
     0 | D:1      | Reached XP level 1. HP: 15/15 MP: 5/5
    59 | D:1      | Reached skill level 1 in Fighting
   196 | D:1      | Found Estoonk's Book Emporium.
   442 | D:1      | Reached XP level 2. HP: 23/23 MP: 5/7
   455 | D:1      | Reached skill level 3 in Unarmed Combat
   689 | D:1      | Learned a level 2 spell: Wereblood
   728 | D:1      | Found Pyrhaosu's Weapon Shoppe.
   855 | D:1      | You fall into a shaft and drop 1 floor!
  1427 | D:2      | Found Xepsedir's Assorted Antiques.
  1435 | D:2      | Bought a purple potion for 27 gold pieces
  1435 | D:2      | Bought a black potion for 27 gold pieces
  1628 | D:2      | Reached XP level 3. HP: 16/28 MP: 8/8
  1975 | D:3      | Found Sumemuit's General Store.
  1985 | D:3      | Bought a scroll of teleportation for 33 gold pieces
  2322 | D:3      | Noticed Sigmund
  2972 | D:3      | Noticed a wizard
  2977 | D:3      | Killed a wizard
  3119 | D:4      | Found Mushec's Magic Scroll Shoppe.
  3124 | D:4      | Found Didead's Specific Store.
  3141 | D:4      | Found Jairr's General Store.
  3205 | D:4      | Got Sif Muna's Parchment of the Jaunt
  3364 | D:4      | Reached XP level 4. HP: 32/35 MP: 8/10
  3367 | D:5      | Entered Level 5 of the Dungeon
  3516 | D:5      | Noticed an ogre
  3528 | D:5      | Noticed an ice beast
  3539 | D:5      | Noticed an ogre
  3565 | D:5      | Reached XP level 5. HP: 12/41 MP: 11/11
  3869 | D:6      | Reached skill level 4 in Unarmed Combat
  3926 | D:6      | Noticed an ogre
  3933 | D:6      | Slain by an ogre

Illustrated notes

Levels and vault maps discovered:
D:1:      dpeg_arrival_renting, layout_loops_ring, serial_shops,
          nicolae_shop_bloodbath_and_beyond, shop, ebering_ecumenical_altar_rust
D:2:      minmay_wonky_spiral, layout_basic, serial_shops, shop
D:3:      layout_rooms, trog_wizard, nzn_wu_jian_council_hall, serial_shops,
          nicolae_square_shop, chequers_serial_rivers_small_3, minivault_26,
          uniq_sigmund
D:4:      layout_cave_pools, grunt_temple_overflow_magic_moments, zin_purify,
          serial_shops, shop, gammafunk_ghost_necromancy, nicolae_specific_store
D:5:      layout_basic, grunt_decor_clamped, nicolae_fountain_basement
D:6:      cheibrodos_thug_alley, layout_basic, jmf_multi_god_temple2,
          minmay_temple_entry_arrows

Skill      XL: |  1  2  3  4  5 |
---------------+----------------+-----
Fighting       | 1 2 |  2.0
Transmutations | 2 3 |  3.4
Unarmed Combat | 3 4 |  4.0
Spellcasting   | 2 |  2.5
Dodging        | |  1.7

Action                   |  1- 3 |  4- 6 || total
-------------------------+-------+-------++-------
Melee: Unarmed           |   145 |    24 ||   169
       Kick              |    28 |     6 ||    34
       Headbutt          |    15 |     9 ||    24
       Punch             |     1 |       ||     1
 Cast: Beastly Appendage |    37 |     6 ||    43
       Wereblood         |     5 |     1 ||     6
  Use: Scroll            |       |     4 ||     4
Armor: Robe              |    12 |       ||    12
       Leather armour    |    34 |       ||    34
       Ring mail         |     4 |     7 ||    11
Dodge: Dodged            |    99 |    17 ||   116
